 Dungeon Crawl Stone Soup version 0.30-a0-269-gf0224bf7b6 (webtiles) character file.

Game seed: 14177258072201719691

236624 chippings the Impaler (level 19, -15/143 HPs)
             Began as a Merfolk Transmuter on Oct 14, 2022.
             Was an Initiate of Gozag.
             Demolished by a wolf spider (18 damage)
             ... on level 2 of the Spider Nest.
             The game lasted 02:15:28 (38928 turns).

chippings the Impaler (Merfolk Transmuter)         Turns: 38928, Time: 02:15:28

Health: -15/143    AC: 29    Str: 17 (18) XL:     19   Next: 66%
Magic:  40/41      EV: 12    Int: 18      God:    Gozag
Gold:   7626       SH:  0    Dex: 16      Spells: 8/44 levels left

rFire   . . .      SeeInvis +    f - +11 halberd of Walo {holy, rPois Str+2 Int+5}
rCold   . . .      Faith    .    (shield currently unavailable)
rNeg    + . .      Spirit   .    I - +4 storm dragon scales
rPois   +          Reflect  .    T - +2 hat of Midsummer {MP+9}
rElec   +          Harm     .    p - +4 cloak of Limited Liability {Slay+3}
rCorr   +          Rampage  .    L - +1 pair of gloves
Will    +....                    w - +0 pair of boots "Gatiagit" {SInv}
Stlth   +.........               W - amulet of the acrobat
HPRegen 0.43/turn                V - ring of wizardry
MPRegen 0.27/turn                X - ring of Cyzoysm {rN+ rCorr}

@: gold aura, very slightly contaminated, slowed, studying 2 skills, very slow
A: (nimble swimmer 2), mertail, low MP 1
}: 1/15 runes: decaying
a: Renounce Religion, Potion Petition, Call Merchant, Bribe Branch


You were on level 2 of the Spider Nest.
You worshipped Gozag.
Gozag was greatly pleased with you.
You visited 7 branches of the dungeon, and saw 31 of its levels.
You visited the Abyss 1 time.
You also visited: Bailey and Desolation.

You collected 13632 gold pieces.
You spent 5098 gold pieces at shops.
You paid 908 gold pieces to Gozag.

Inventory:

Hand Weapons
 f - the +11 halberd of Walo (weapon) {holy, rPois Str+2 Int+5}
   (You acquired it in a bailey)

   It has been blessed by the Shining One to cause great damage to the undead
   and demons.
   Str:       It affects your strength (+2).
   Int:       It affects your intelligence (+5).
   rPois:     It protects you from poison.
Armour
 p - the +4 cloak of Limited Liability (worn) {Slay+3}
   (You found it on level 3 of the Dungeon)

   Slay:      It affects your accuracy & damage with ranged weapons and melee
   (+3).
 u - the +3 pair of seven-league boots {Rampage+∞}
   (You acquired it on level 8 of the Dungeon)

   Its wearer moves as far as possible in that direction when moving towards
   enemies.
 w - the +0 pair of boots "Gatiagit" (worn) {SInv}
   (You bought it in a shop on level 1 of the Dungeon)

   SInv:      It lets you see invisible.
 I - +4 storm dragon scales (worn)
 L - a +1 pair of gloves (worn)
 T - the +2 hat of Midsummer (worn) {MP+9}
   (You found it on level 1 of the Lair of Beasts)

   MP:        It affects your magic capacity (+9).
Jewellery
 S - a ring of protection from fire
 V - a ring of wizardry (left hand)
 W - an amulet of the acrobat (around neck)
 X - the ring of Cyzoysm (right hand) {rN+ rCorr}
   (You found it in the Desolation of Salt)

   [ring of positive energy]

   rN:        It protects you from negative energy.
   rCorr:     It protects you from acid and corrosion.
Wands
 j - a wand of polymorph (3)
 l - a wand of mindburst (11)
 q - a wand of quicksilver (1)
 B - a wand of charming (33)
 J - a wand of flame (39)
Scrolls
 c - 8 scrolls of teleportation
 e - 9 scrolls of noise
 i - 9 scrolls of butterflies
 s - 5 scrolls of amnesia
 t - 5 scrolls of poison
 v - 9 scrolls of enchant weapon
 x - a scroll of torment
 z - 16 scrolls of identify
 A - 4 scrolls of vulnerability
 H - 3 scrolls of summoning
 K - a scroll of silence
 N - a scroll of fear
 O - 6 scrolls of immolation
 P - a scroll of brand weapon
 R - 4 scrolls of magic mapping
Potions
 a - 8 potions of mutation
 b - 9 potions of lignification
 d - 3 potions of ambrosia
 h - 8 potions of flight
 m - 3 potions of attraction
 n - 9 potions of haste
 o - 14 potions of curing
 r - 5 potions of invisibility
 C - 4 potions of magic
 E - 8 potions of brilliance
 F - 5 potions of resistance
 Q - 3 potions of cancellation
 Y - a potion of might
Miscellaneous
 g - a condenser vane
 k - a phantom mirror
 Z - a phial of floods


   Skills:
 - Level 11.0 Fighting
 - Level 20.0 Polearms
 - Level 10.0 Armour
 - Level 12.0 Dodging
 - Level 10.0 Stealth
 - Level 5.2 Unarmed Combat
 - Level 13.0 Spellcasting
 - Level 10.0 Conjurations
 + Level 11.2 Summonings
 - Level 16.0 Transmutations
 - Level 8.0 Poison Magic
 - Level 8.0 Evocations


You had 8 spell levels left.
You knew the following spells:

 Your Spells              Type           Power      Damage    Failure   Level
a - Passwall              Tmut/Erth      33%        N/A       1%          2
b - Wereblood             Tmut           62%        N/A       1%          2
c - Silence               Hex/Air        5%         N/A       99%         5
d - Irradiate             Conj/Tmut      27%        3d20      3%          5
e - Alistair's Intoxicat  Tmut/Pois      35%        N/A       4%          5
f - Eringya's Noxious Bo  Tmut/Pois      26%        N/A       24%         6
g - Apportation           Tloc           22%        N/A       22%         1
h - Summon Hydra          Summ           25%        N/A       86%         7
i - Call Canine Familiar  Summ           51%        N/A       1%          3

Your spell library contained the following spells:

 Spells                   Type           Power      Damage    Failure   Level
 Beastly Appendage        Tmut           100%       N/A       1%          1
 Summon Small Mammal      Summ           100%       N/A       1%          1
 Spider Form              Tmut/Pois      53%        N/A       1%          3
 Static Discharge         Conj/Air       58%        2-5/arc   4%          2
 Summon Guardian Golem    Hex/Summ       31%        N/A       7%          3
 Dazzling Flash           Conj/Hex       58%        N/A       9%          3
 Hailstorm                Conj/Ice       29%        3d8       9%          3
 Stone Arrow              Conj/Erth      58%        3d10      9%          3
 Ice Form                 Ice/Tmut       40%        N/A       9%          4
 Petrify                  Tmut/Erth      40%        N/A       9%          4
 Freeze                   Ice            44%        1d6       22%         1
 Necrotise                Necr           44%        1d6       22%         1
 Slow                     Hex            44%        N/A       22%         1
 Summon Ice Beast         Ice/Summ       31%        N/A       22%         4
 Flame Wave               Conj/Fire      29%        2d9       26%         4
 Iskenderun's Mystic Bla  Conj/Tloc      29%        2d7       26%         4
 Sticky Flame             Conj/Fire      29%        2d5       26%         4
 Sublimation of Blood     Necr           11%        N/A       32%         2
 Frozen Ramparts          Ice            22%        1d4       52%         3
 Gell's Gravitas          Tloc           11%        N/A       52%         3
 Inner Flame              Hex/Fire       11%        N/A       52%         3
 Kindle Blastsparks       Fire/Tloc/Air  22%        2d11      52%         3
 Lesser Beckoning         Tloc           22%        N/A       52%         3
 Ozocubu's Armour         Ice            11%        N/A       52%         3
 Portal Projectile        Hex/Tloc       22%        N/A       52%         3
 Teleport Other           Tloc           11%        N/A       52%         3
 Vampiric Draining        Necr           11%        2d6       52%         3
 Vhi's Electric Charge    Tloc/Air       22%        N/A       52%         3
 Arcjolt                  Conj/Air       14%        1d24      58%         5
 Lightning Bolt           Conj/Air       14%        1d28      58%         5
 Freezing Cloud           Conj/Ice/Air   11%        6-21      82%         5
 Leda's Liquefaction      Hex/Erth       5%         N/A       89%         4
 Spellforged Servitor     Conj/Summ      24%        N/A       91%         7
 Orb of Destruction       Conj           23%        9d8       95%         7
 Starburst                Conj/Fire      14%        6d6       98%         6
 Agony                    Necr           11%        N/A       99%         5
 Borgnjor's Vile Clutch   Necr/Erth      5%         N/A       99%         5
 Metabolic Englaciation   Hex/Ice        5%         N/A       99%         5
 Death Channel            Necr           5%         N/A       100%        6
 Dispersal                Tloc           5%         N/A       100%        6
 Summon Horrible Things   Summ           25%        N/A       100%        8
 Fire Storm               Conj/Fire      14%        8d4       100%        9


Dungeon Overview and Level Annotations

Branches:
Dungeon (15/15)            Temple (1/1) D:6            Lair (5/5) D:10
  Swamp (4/4) Lair:3       Spider (2/4) Lair:2        Slime (0/5) Lair:4
    Orc (2/2) D:12            Elf (2/3) Orc:2        Vaults (0/5) D:14
 Depths (0/4) D:15         Bailey (visited)         Desolation (visited)

Altars:
Ashenzari
Cheibriados
Dithmenos
Elyvilon
Fedhas
Gozag
Hepliaklqana
Kikubaaqudgha
Makhleb
Nemelex Xobeh
Okawaru
Qazlal
Ru
Sif Muna
Trog
Uskayaw
Vehumet
Wu Jian
Xom
Yredelemnul
Zin
The Shining One
Jiyva
Lugonu

Shops:
D:1 [!**   D:2 :   D:3 *   Orc:2 [:!:   Elf:1 ((=

Portals:
Abyss: Lair:5

Annotations:
D:3 2 runed translucent doors, Crazy Yiuf; koil's ghost, amateur SpEn
D:9 2 transporters, Darkkill's ghost, novice HuCA
Lair:4 2 transporters, Kinepo's ghost, journeyman FoFi
Swamp:1 2 transporters, osoart's ghost, journeyman MiFi
Swamp:3 Roxanne
Spider:2 exclusion: oklob plant


Innate Abilities, Weirdness & Mutations

((You are very nimble when in or above water. (Stealth+, EV+, Speed+++)))
Your lower body shifts to a powerful aquatic tail in water.
Your magical capacity is low. (-10% MP)


Message History

You are confused.
You feel invigorated. The wolf spider barely misses you.
The wolf spider bites you!
* * * LOW HITPOINT WARNING * * *
You are poisoned.
The wolf spider poisons you! The wolf spider hits you!!
* * * LOW HITPOINT WARNING * * *
The wolf spider bites you but does no damage.
Okay, then.
Unknown command.
You feel better.
You feel less invigorated. The wolf spider closely misses you.
The wolf spider bites you but does no damage.
The wolf spider hits you but does no damage.
The wolf spider bites you but does no damage.
Being near the torpor snail leaves you feeling lethargic.
The jumping spider is distracted by your dazzling golden aura.
Okay, then.
Aiming: Quicksilver Bolt
Press: ? - help, Shift-Dir - straight line, f - torpor snail
Aim: a torpor snail (berserk, 100% to hit)
The bolt of dispelling energy hits the wolf spider!!
The wolf spider is moderately wounded.
The bolt of dispelling energy hits the wolf spider!!
The wolf spider is almost dead.
The bolt of dispelling energy hits the torpor snail!!
The torpor snail is moderately wounded.
The bolt of dispelling energy hits the jumping spider!
The jumping spider is heavily wounded.
The jumping spider is no longer distracted by gold.
The wolf spider misses you.
The wolf spider bites you but does no damage.
The wolf spider misses you.
The wolf spider bites you but does no damage.
The jumping spider leaps!
The wolf spider completely misses you. The wolf spider bites you!
* * * LOW HITPOINT WARNING * * *
A torpor snail comes into view.
The wolf spider hits you!!
You die...
Your body crumbles into a pile of gold.

######## #....@s##
########
#.#####s###..^>^.#
#'# ##w##.^>...#
####.####
##y#§.$>..#
##....^..#
##$w.sy..+
#.#######.#
#####s### ##.##
... ##.## ...~~
##.## ~..~~..


You could see 2 torpor snails, 2 wolf spiders and a moth of wrath.

Vanquished Creatures
  Saint Roka (Orc:2)
  A bone dragon (Swamp:4)
  Mlioglotl (Swamp:4)
  A tentacled monstrosity (Swamp:3)
  3 thorn hunters
  A fenstrider witch (Swamp:3)
  A ghost moth (Spider:2)
  An imperial myrmidon (Desolation)
  A deep elf sorcerer (Elf:2)
  An orc warlord (Orc:2)
  The ghost of Ruqebled the Thaumaturge, a journeyman DjFE of Gozag (D:15)
  A ghoul (Swamp:3)
  The ghost of purpskrrrp the Grappler, a journeyman TrFi of Fedhas (D:12)
  An ironbound preserver (D:14)
  A broodmother (Spider:2)
  2 eleionomae (Swamp:4)
  8 bunyips
  A spark wasp (Spider:2)
  Azrael (D:12)
  3 halazid warlocks (Desolation)
  Snorg (D:11)
  2 blizzard demons
  3 entropy weavers
  An ettin (D:15)
  4 crystal guardians (Desolation)
  12 hydras
  4 ragged hierophants (Desolation)
  6 servants of whispers (Desolation)
  An ogre mage (D:15)
  5 peacekeepers (Desolation)
  2 catoblepae
  A radroach (Spider:1)
  2 ghost crabs (Swamp:4)
  6 alligators
  12 dancing weapons
  9 two-headed ogres
  5 centaur warriors
  A boulder beetle (Lair:4)
  A tengu warrior (D:14)
  17 death yaks
  5 orc high priests
  A spriggan berserker (Swamp:3)
  4 thrashing horrors (Lair:5)
  Nergalle (D:12)
  8 deep elf knights
  Amaemon (Lair:2)
  4 skeletal warriors (D:15)
  A sun moth (Spider:1)
  4 spriggan druids
  A deep troll (D:15)
  3 goliath frogs (Swamp:3)
  3 large abominations (Lair:5)
  4 ironbound convokers (Desolation)
  An orb spider (Spider:2)
  A spectral hydra (Swamp:4)
  2 steelbarb worms (Spider:2)
  4 swamp dragons
  5 wizards
  8 bog bodies
  4 orc knights
  15 deep elf archers
  24 deep elf pyromancers
  A phantasmal warrior (Swamp:4)
  22 deep elf zephyrmancers
  A necromancer (D:15)
  6 orc sorcerers
  A wolf spider (shapeshifter) (D:13)
  19 ugly things
  4 cyclopes
  4 will-o-the-wisps
  2 manticores
  9 wolf spiders
  6 elephants
  A moth of wrath (Spider:1)
  8 black mambas
  3 guardian serpents (Desolation)
  2 torpor snails
  An orange demon (Lair:2)
  15 cane toads
  3 smoke demons (Lair:5)
  5 gargoyles
  3 molten gargoyles (Desolation)
  5 rime drakes
  2 kobold demonologists
  2 swamp worm zombies (Swamp:4)
  2 demonic crawlers (Spider:2)
  An unseen horror (D:11)
  Psyche (D:12)
  2 freezing wraiths
  18 komodo dragons
  A tengu conjurer (D:14)
  An ancient zyme (Lair:5)
  An ice devil (D:15)
  A polar bear (Lair:5)
  A queen bee (Lair:3)
  A hydra zombie (Swamp:4)
  5 meliai
  2 hornets
  A bloated husk (Swamp:4)
  11 trolls
  2 wolf spider simulacra (D:15)
  Prince Ribbit (D:5)
  13 tarantellas
  2 tarantellas (shapeshifter)
  6 tyrant leeches
  31 blink frogs
  49 saltlings (Desolation)
  A wind drake (shapeshifter) (Elf:1)
  2 dream sheep (Lair:2)
  4 spectral swamp dragons (Swamp:4)
  4 alligator zombies (Swamp:4)
  11 slime creatures
  8 jumping spiders
  Sigmund (D:5)
  2 air elementals
  6 culicivoras
  7 spriggans
  3 ynoxinuls
  6 centaur simulacra (D:15)
  A shadow (D:9)
  3 wyverns
  12 small abominations (Lair:5)
  2 water elementals (Elf:1)
  2 wraiths
  Eustachio (D:4)
  3 vampires
  20 basilisks
  55 yaks
  A chaos spawn (Lair:5)
  3 steam dragons
  31 vampire mosquitoes
  5 fire elementals
  19 redbacks
  A redback simulacrum (D:14)
  18 swamp worms
  4 wargs (Orc:2)
  2 acid dragons
  18 water moccasins
  Duvessa (D:5)
  A hell hound (D:12)
  A meliai simulacrum (D:15)
  50 orc warriors
  An ice beast (D:8)
  A swamp drake (Swamp:1)
  2 black bears
  13 ogres
  2 sky beasts
  6 swamp dragon zombies (Swamp:4)
  13 wolves
  7 centaurs
  5 phantoms
  A kobold brigand (D:8)
  16 bullfrogs
  3 gnoll sergeants
  4 scorpions
  An earth elemental (Elf:1)
  11 wights
  2 necrophages
  Dowan (D:5)
  44 killer bees
  5 electric eels
  4 howler monkeys
  24 orc priests
  2 hounds
  5 jellies
  6 iguanas
  28 orc wizards
  2 spectral swamp drakes (Swamp:4)
  27 gnolls
  7 adders
  A swamp drake zombie (Swamp:4)
  A shadow imp (D:7)
  A worm (D:2)
  5 dart slugs
  125 orcs
  8 ball pythons
  4 bats
  10 endoplasms
  3 giant cockroaches
  14 goblins
  13 hobgoblins
  2 jackals (D:3)
  10 kobolds
  9 quokkas
  3 frilled lizards
  24 rats
  4 briar patches
  A butterfly (Lair:5)
  A pillar of salt (Elf:2)
1300 creatures vanquished.

Vanquished Creatures (others)
  A bunyip (Swamp:4)
  A spriggan (Swamp:4)
  A goliath frog (Swamp:4)
  A bog body (Swamp:4)
  A guardian serpent (Desolation)
  3 bloated husks (Swamp:4)
  A hornet (Swamp:4)
  A saltling (Desolation)
  2 phantoms (Swamp:4)
  22 foxfires
  3 fungi
  A pillar of salt (Elf:2)
  63 plants
  2 starspawn tentacles (Swamp:4)
103 creatures vanquished.

Grand Total: 1403 creatures vanquished

Notes
Turn   | Place    | Note
-------+----------+-------------------------------------------
     0 | D:1      | chippings the Merfolk Transmuter began the quest for the
                  | Orb.
     0 | D:1      | Reached XP level 1. HP: 15/15 MP: 3/3
    33 | D:1      | Found Terudd's Distillery.
    40 | D:1      | Found Poskaes's Magic Scroll Shop.
   129 | D:1      | Reached XP level 2. HP: 7/22 MP: 5/5
   246 | D:1      | Reached XP level 3. HP: 19/27 MP: 6/6
   458 | D:1      | Found Engej's Assorted Antiques.
   491 | D:1      | Found Ekyorea's General Store.
   583 | D:1      | Found Atsun's Antique Armour Shop.
  1202 | D:1      | Reached XP level 4. HP: 31/35 MP: 7/7
  1338 | D:2      | Found a shimmering blue altar of Sif Muna.
  1597 | D:2      | Found Askutin's Book Shop.
  1861 | D:2      | Reached XP level 5. HP: 41/41 MP: 8/8
  1967 | D:3      | Identified the +4 cloak of Limited Liability {Slay+3}
  2066 | D:3      | Reached skill level 5 in Unarmed Combat
  2277 | D:3      | Found a runed translucent door.
  2278 | D:3      | Noticed Crazy Yiuf
  2315 | D:3      | Found Mealynun's General Store.
  2399 | D:3      | Found a runed translucent door.
  2403 | D:3      | Noticed koil's ghost (amateur SpEn)
  3136 | D:4      | Reached skill level 1 in Polearms
  3191 | D:4      | Noticed an ogre
  3195 | D:4      | Killed an ogre
  3196 | D:4      | Reached skill level 3 in Polearms
  3196 | D:4      | Reached XP level 6. HP: 49/49 MP: 9/9
  3611 | D:4      | Found an iron altar of Okawaru.
  3773 | D:5      | Entered Level 5 of the Dungeon
  3773 | D:5      | Noticed Duvessa
  3773 | D:5      | Noticed Dowan
  3792 | D:5      | Killed Duvessa
  3793 | D:5      | Reached skill level 5 in Fighting
  3793 | D:5      | Reached skill level 4 in Polearms
  3793 | D:5      | Reached XP level 7. HP: 14/56 MP: 10/10
  4004 | D:5      | Reached skill level 5 in Polearms
  4074 | D:5      | Noticed Eustachio
  4117 | D:4      | Killed Eustachio
  4118 | D:4      | Reached skill level 6 in Polearms
  4245 | D:5      | Noticed Sigmund
  4257 | D:4      | Reached skill level 7 in Polearms
  4333 | D:5      | Reached XP level 8. HP: 64/64 MP: 11/11
  4334 | D:5      | Killed Sigmund
  4335 | D:5      | Reached skill level 8 in Polearms
  4390 | D:5      | Identified the ring "Jesosch" {rCorr Int+3 Dex+4}
  4436 | D:5      | Killed Dowan
  4529 | D:5      | Found an ornate altar of the Wu Jian Council.
  4641 | D:5      | Noticed Prince Ribbit
  4653 | D:5      | Killed Prince Ribbit
  4654 | D:5      | Reached skill level 9 in Polearms
  4963 | D:6      | Reached skill level 10 in Polearms
  5193 | D:6      | Reached XP level 9. HP: 71/72 MP: 12/12
  5219 | D:6      | Found a staircase to the Ecumenical Temple.
  5231 | Temple   | Entered the Ecumenical Temple
  5265 | Temple   | Became a worshipper of Gozag Ym Sagoz the Greedy
  5942 | D:6      | Reached skill level 11 in Polearms
  5942 | D:6      | Reached skill level 1 in Stealth
  6171 | D:6      | Found a shimmering blue altar of Sif Muna.
  6180 | D:6      | Found a glowing silver altar of Zin.
  6352 | D:7      | Identified a scroll of acquirement
  6354 | D:7      | Acquired 880 gold pieces
  6368 | D:7      | Found a flagged portal.
  6387 | Bailey   | Entered a bailey
  6643 | Bailey   | Acquired the +11 halberd of Walo {holy, rPois Str+2 Int+5}
  6662 | Bailey   | Noticed a kobold demonologist
  6804 | Bailey   | Found an iron altar of Okawaru.
  6805 | Bailey   | Noticed an orc sorcerer
  6807 | Bailey   | Noticed a red devil
  7007 | Bailey   | Killed an orc sorcerer
  7008 | Bailey   | Reached skill level 12 in Polearms
  7032 | Bailey   | Reached XP level 10. HP: 45/82 MP: 6/13
  7170 | Bailey   | Noticed an orc knight
  7204 | Bailey   | Killed an orc knight
  7205 | Bailey   | Reached skill level 13 in Polearms
  7208 | Bailey   | Killed a kobold demonologist
  7209 | Bailey   | Reached skill level 5 in Stealth
  7464 | Bailey   | Identified the +1 plate armour of Generosity {Fly rElec
                  | Str-3 Int-5}
  7753 | D:7      | Reached skill level 14 in Polearms
  7932 | D:1      | Bought a pair of ichor-stained boots for 247 gold pieces
  7932 | D:1      | Identified the +0 pair of boots "Gatiagit" {SInv} (You
                  | bought it in a shop on level 1 of the Dungeon)
  7932 | D:1      | Bought a pair of distressingly furry gloves for 247 gold
                  | pieces
  7932 | D:1      | Identified the +0 pair of gloves of Proximity {Harm rPois
                  | Str-4 Stlth+} (You bought it in a shop on level 1 of the
                  | Dungeon)
  7932 | D:1      | Bought a pair of heavily runed boots for 247 gold pieces
  7932 | D:1      | Identified the +0 pair of boots of the Archfiend {Harm
                  | Str+5} (You bought it in a shop on level 1 of the Dungeon)
  7932 | D:1      | Bought a pair of embroidered gloves for 195 gold pieces
  8077 | D:3      | Bought a potion of curing for 39 gold pieces
  8077 | D:3      | Bought a potion of haste for 130 gold pieces
  8077 | D:3      | Bought a +4 glaive of flaming for 438 gold pieces
  8630 | D:8      | Found a broken altar of Ashenzari.
  8781 | D:8      | Acquired the +3 pair of seven-league boots {Rampage+∞}
  8781 | D:8      | Found the +3 pair of seven-league boots {Rampage+∞}
  8859 | D:8      | Reached skill level 10 in Fighting
  8972 | D:8      | Found a hide-covered altar of Uskayaw.
  9131 | D:8      | Reached XP level 11. HP: 84/90 MP: 14/14
  9458 | D:9      | Noticed a two-headed ogre
  9465 | D:9      | Killed a two-headed ogre
  9543 | D:9      | Found a transporter.
  9552 | D:9      | Found a transporter.
  9556 | D:9      | Noticed Darkkill's ghost (novice HuCA)
  9571 | D:9      | Noticed a two-headed ogre
  9580 | D:9      | Killed a two-headed ogre
  9581 | D:9      | Reached skill level 15 in Polearms
  9779 | D:9      | Found a radiant altar of Vehumet.
  9786 | D:9      | Found a stormy altar of Qazlal.
  9800 | D:9      | Noticed a two-headed ogre
  9804 | D:9      | Killed a two-headed ogre
  9816 | D:9      | Got Sif Muna's Precepts of Inconstant Lightning
 10133 | D:10     | Entered Level 10 of the Dungeon
 10147 | D:10     | Noticed a manticore
 10170 | D:10     | Noticed a death yak
 10172 | D:10     | Noticed a death yak
 10172 | D:10     | Noticed a death yak
 10172 | D:10     | Noticed a death yak
 10172 | D:10     | Noticed a death yak
 10172 | D:10     | Noticed a death yak
 10372 | D:10     | Reached skill level 1 in Evocations
 10474 | D:10     | Found a staircase to the Lair.
 10490 | D:10     | Killed a death yak
 10491 | D:10     | Reached skill level 16 in Polearms
 10491 | D:10     | Reached skill level 5 in Dodging
 10495 | D:10     | Killed a death yak
 10496 | D:10     | Reached XP level 12. HP: 61/100 MP: 9/15
 10502 | D:10     | Killed a death yak
 10509 | D:10     | Killed a death yak
 10510 | D:10     | Reached skill level 10 in Stealth
 10514 | D:10     | Killed a death yak
 10518 | D:10     | Killed a death yak
 10764 | D:1      | Bought a scroll of blinking for 97 gold pieces
 10764 | D:1      | Bought a scroll of identify for 26 gold pieces
 10764 | D:1      | Bought a scroll of fear for 52 gold pieces
 10764 | D:1      | Bought a scroll of teleportation for 39 gold pieces
 10764 | D:1      | Bought a scroll of blinking for 97 gold pieces
 10764 | D:1      | Bought a scroll of immolation for 52 gold pieces
 10769 | D:1      | Bought a potion of might for 52 gold pieces
 10769 | D:1      | Bought a potion of cancellation for 104 gold pieces
 10769 | D:1      | Bought a potion of curing for 39 gold pieces
 10769 | D:1      | Bought a potion of cancellation for 104 gold pieces
 10778 | D:1      | Bought a puce potion for 23 gold pieces
 10790 | D:1      | Bought 3 scrolls of summoning for 313 gold pieces
 10790 | D:1      | Bought a potion of heal wounds for 55 gold pieces
 10790 | D:1      | Bought a scroll of magic mapping for 82 gold pieces
 10790 | D:1      | Bought a scroll of identify for 22 gold pieces
 10790 | D:1      | Bought a potion of attraction for 33 gold pieces
 10985 | Lair:1   | Entered Level 1 of the Lair of Beasts
 11115 | Lair:1   | Found the amulet of the Air {Inacc Air Fly rElec RMsl}
 11119 | Lair:1   | Identified the +2 hat of Midsummer {MP+9}
 11348 | Lair:1   | Noticed a six-headed hydra
 11360 | Lair:1   | Killed a three-headed hydra
 11378 | Lair:1   | Learned a level 2 spell: Wereblood
 11626 | Lair:1   | Reached skill level 5 in Evocations
 11628 | Lair:1   | Reached skill level 17 in Polearms
 11628 | Lair:1   | Reached skill level 1 in Armour
 12243 | Lair:2   | Noticed Amaemon
 12263 | Lair:2   | Killed Amaemon
 12409 | Lair:2   | Reached XP level 13. HP: 106/106 MP: 16/16
 12468 | Lair:2   | Reached skill level 5 in Transmutations
 13220 | Lair:2   | Found a hole to the Spider Nest.
 13229 | Lair:2   | Reached skill level 10 in Dodging
 13865 | Lair:3   | Reached skill level 18 in Polearms
 13969 | Lair:3   | Found a staircase to the Swamp.
 14416 | Lair:3   | Reached XP level 14. HP: 95/113 MP: 17/17
 15149 | Lair:4   | Found a transporter.
 15158 | Lair:4   | Noticed Kinepo's ghost (journeyman FoFi)
 15162 | Lair:4   | Found a transporter.
 15165 | Lair:4   | Found a bloodstained altar of Trog.
 15193 | Lair:4   | Reached skill level 5 in Armour
 15312 | Lair:4   | Learned a level 5 spell: Silence
 15318 | Lair:4   | Learned a level 5 spell: Irradiate
 15751 | Lair:4   | Found a runed translucent door.
 15751 | Lair:4   | Found a viscous altar of Jiyva.
 15756 | Lair:4   | Found a staircase to the Slime Pits.
 15966 | Lair:5   | Entered Level 5 of the Lair of Beasts
 15973 | Lair:5   | Reached skill level 19 in Polearms
 16379 | Lair:5   | Found an ancient bone altar of Kikubaaqudgha.
 16611 | Lair:5   | Reached skill level 20 in Polearms
 16616 | Lair:5   | Reached XP level 15. HP: 110/118 MP: 18/18
 16651 | Lair:5   | Identified the +9 trident of the Pits of Slime {flame,
                  | rPois rC+ rN+}
 17145 | Lair:5   | Found a corrupted altar of Lugonu.
 17145 | Lair:5   | Found a one-way gate to the infinite horrors of the Abyss.
 17160 | Lair:5   | Identified the +10 sling of Hoches {freeze, rElec rF+
                  | Will++}
 17963 | D:3      | Bought a scroll of butterflies for 52 gold pieces
 17963 | D:3      | Bought a potion of berserk rage for 65 gold pieces
 17963 | D:3      | Bought 2 potions of invisibility for 208 gold pieces
 18077 | D:1      | Bought a scroll of butterflies for 52 gold pieces
 18077 | D:1      | Bought a scroll of amnesia for 52 gold pieces
 18092 | D:1      | Bought a scroll of noise for 26 gold pieces
 18092 | D:1      | Bought a glowing helmet for 195 gold pieces
 18092 | D:1      | Bought a scroll of noise for 26 gold pieces
 18101 | D:1      | Bought a potion of brilliance for 52 gold pieces
 18101 | D:1      | Bought a potion of brilliance for 52 gold pieces
 18101 | D:1      | Bought a potion of attraction for 39 gold pieces
 18101 | D:1      | Bought a potion of magic for 104 gold pieces
 18374 | Swamp:1  | Entered Level 1 of the Swamp
 18374 | Swamp:1  | You fall into a shaft and drop 1 floor!
 18404 | Swamp:2  | HP: 7/177 [five-headed hydra (7)]
 18404 | Swamp:2  | HP: 3/177 [five-headed hydra (4)]
 19667 | Swamp:1  | Reached skill level 1 in Conjurations
 19764 | Swamp:1  | Noticed a thorn hunter
 19777 | Swamp:1  | Killed a thorn hunter
 19899 | Swamp:1  | Noticed a thorn hunter
 19900 | Swamp:1  | Noticed osoart's ghost (journeyman MiFi)
 19901 | Swamp:1  | Noticed a fenstrider witch
 19904 | Swamp:1  | Noticed a ghoul
 19905 | Swamp:1  | Found a transporter.
 19918 | Swamp:1  | Found a transporter.
 19957 | Swamp:1  | Reached skill level 10 in Armour
 20597 | Swamp:3  | Noticed a thorn hunter
 20617 | Swamp:3  | Killed a thorn hunter
 20985 | Swamp:3  | Reached skill level 10 in Transmutations
 21194 | Swamp:3  | Reached XP level 16. HP: 125/125 MP: 19/19
 21237 | Swamp:3  | Noticed a tentacled monstrosity
 21249 | Swamp:3  | Killed a tentacled monstrosity
 21406 | Swamp:3  | Noticed a thorn hunter
 21406 | Swamp:3  | Noticed a fenstrider witch
 21409 | Swamp:3  | Killed a thorn hunter
 21411 | Swamp:3  | Killed a fenstrider witch
 21802 | Swamp:3  | Reached skill level 5 in Conjurations
 21802 | Swamp:3  | Identified Roxanne's Secrets of the Ground
 21802 | Swamp:3  | Noticed Roxanne
 21843 | Swamp:4  | Entered Level 4 of the Swamp
 21951 | Swamp:4  | Noticed Mlioglotl
 21953 | Swamp:4  | Noticed a tentacled starspawn
 21960 | Swamp:4  | Killed Mlioglotl
 22998 | Swamp:4  | Noticed a bone dragon
 23027 | Swamp:4  | Killed a bone dragon
 23084 | Swamp:4  | Got a decaying rune of Zot
 23837 | D:11     | Noticed Snorg
 23845 | D:11     | Killed Snorg
 23974 | D:11     | Found an iron altar of Okawaru.
 23980 | D:11     | Identified the +3 spear "Merfolk's Doom" {vorpal, Str+2}
 24365 | D:12     | Noticed purpskrrrp's ghost (journeyman TrFi)
 24365 | D:12     | Found a runed translucent door.
 24480 | D:12     | Noticed Psyche
 24487 | D:12     | Killed Psyche
 24600 | D:12     | Found a staircase to the Orcish Mines.
 24867 | D:12     | Noticed Nergalle
 24877 | D:12     | Killed Nergalle
 24938 | D:12     | Noticed Azrael
 24948 | D:12     | Killed Azrael
 24964 | D:12     | Found a shadowy altar of Dithmenos.
 25215 | D:12     | Killed purpskrrrp's ghost
 26090 | D:13     | Reached XP level 17. HP: 114/131 MP: 22/22
 26314 | D:13     | Acquired a manual of Spellcasting
 26359 | D:13     | You fall into a shaft and drop 2 floors!
 26359 | D:15     | Entered Level 15 of the Dungeon
 26542 | D:15     | Reached skill level 5 in Spellcasting
 27312 | D:13     | Learned a level 5 spell: Alistair's Intoxication
 27769 | D:14     | Found a sacrificial altar of Ru.
 27987 | D:14     | Reached skill level 1 in Poison Magic
 28170 | D:14     | Found a gate to the Vaults.
 28711 | D:14     | Gained mutation: Your magical capacity is low. (-10% MP)
                  | [mutagenic glow]
 28905 | D:15     | Noticed Ruqebled's ghost (journeyman DjFE)
 28932 | D:15     | Found a runed translucent gate.
 28932 | D:15     | Found a runed translucent gate.
 28932 | D:15     | Found a runed translucent gate.
 29021 | D:15     | Killed Ruqebled's ghost
 29074 | D:15     | Got the ring "Waen" {Fire *Corrode rElec rN++}
 29148 | D:15     | Found a staircase to the Depths.
 29423 | Orc:1    | Entered Level 1 of the Orcish Mines
 29480 | Orc:1    | Found a burning altar of Makhleb.
 29718 | Orc:2    | Entered Level 2 of the Orcish Mines
 30228 | Orc:2    | Found Xoihuek's Book Emporium.
 30253 | Orc:2    | Found Wuobufisk's Distillery.
 30274 | Orc:2    | Bought a potion of resistance for 150 gold pieces
 30274 | Orc:2    | Bought 2 potions of invisibility for 240 gold pieces
 30274 | Orc:2    | Bought a potion of might for 60 gold pieces
 30274 | Orc:2    | Bought 2 potions of mutation for 240 gold pieces
 30274 | Orc:2    | Bought a potion of haste for 150 gold pieces
 30274 | Orc:2    | Bought 2 potions of heal wounds for 150 gold pieces
 30274 | Orc:2    | Bought a potion of curing for 45 gold pieces
 30274 | Orc:2    | Bought a potion of heal wounds for 75 gold pieces
 30571 | Orc:2    | Noticed Saint Roka
 30583 | Orc:2    | Killed Saint Roka
 30584 | Orc:2    | Reached skill level 10 in Conjurations
 30600 | Orc:2    | Reached skill level 15 in Transmutations
 30952 | Orc:2    | Learned a level 6 spell: Eringya's Noxious Bog
 31007 | Orc:2    | Found Tipn's Antique Armour Emporium.
 31029 | Orc:2    | Bought a pair of slimy boots for 332 gold pieces
 31029 | Orc:2    | Identified the +1 pair of boots of Wu Jian's Outrage {Str-4
                  | Int+3} (You bought it in a shop on level 2 of the Orcish
                  | Mines)
 31071 | Orc:2    | Found Caighe's Book Shoppe.
 31079 | Orc:2    | Reached skill level 5 in Poison Magic
 31152 | Orc:2    | Reached XP level 18. HP: 138/138 MP: 27/27
 31548 | Orc:2    | Found a staircase to the Elven Halls.
 31560 | Elf:1    | Entered Level 1 of the Elven Halls
 31579 | Orc:2    | Paralysed by an air elemental for 1 turns
 32404 | Elf:1    | Found Muobboul's Weapon Shoppe.
 32404 | Elf:1    | Found Jayghoyl's Weapon Emporium.
 32408 | Elf:1    | Found Miaw's Jewellery Shoppe.
 32514 | Abyss:2  | Cast into level 2 of the Abyss (a wizard)
 32563 | Elf:1    | Escaped the Abyss
 32583 | Elf:1    | Reached skill level 10 in Spellcasting
 32594 | Elf:1    | Got the Handbook of Axaxaxas mlö
 32621 | Elf:1    | Got the Precepts of Plaster Cramp
 32634 | Elf:1    | Got the Codex of Dhcmrlchtdj
 32970 | Elf:1    | Paralysed by an air elemental for 1 turns
 33360 | Elf:1    | Paralysed by an air elemental for 1 turns
 33681 | Elf:2    | Found a crumbling gateway.
 33956 | Desolati | Entered the Desolation of Salt
 34269 | Desolati | Got Kossusot's Teachings on Interference and the Wayfarer
 34273 | Desolati | Got the Lessons on Sweltering Summoning
 34276 | Desolati | Identified the ring "Qorer" {Wiz rF- rN+ Int+3 Dex+3}
 34282 | Desolati | Got Diseschuv's Spellbook of the Glacier
 34284 | Desolati | Got Culiyxt's Compendium of Friendly Heat
 34336 | Desolati | Reached skill level 1 in Summonings
 35029 | Desolati | Reached skill level 5 in Summonings
 35029 | Desolati | Reached XP level 19. HP: 35/140 MP: 32/32
 35271 | Desolati | Learned a level 2 spell: Passwall
 35312 | Desolati | Identified the ring of Cyzoysm {rN+ rCorr}
 35564 | Desolati | Identified the amulet "Elatriog" {Faith -Tele rPois rCorr
                  | SInv}
 35567 | Desolati | Identified the +7 hand axe "Suetoas" {spect, rN+ MP+9 Str-5
                  | Int+2}
 36564 | Elf:2    | Learned a level 1 spell: Apportation
 36874 | Spider:1 | Entered Level 1 of the Spider Nest
 37402 | Spider:1 | Learned a level 7 spell: Summon Hydra
 37655 | Spider:2 | Reached skill level 10 in Summonings
 38362 | Spider:2 | Learned a level 3 spell: Call Canine Familiar
 38926 | Spider:2 | HP: 2/143 [wolf spider (21)]
 38928 | Spider:2 | Demolished by a wolf spider

Illustrated notes

Levels and vault maps discovered:
D:1:      erik_arrival_blinker_ship, layout_rooms, serial_shops, shop_statue,
          shop, nicolae_shop_window_shopping, shop,
          nicolae_shop_temple_entry_statues_fountains
D:2:      layout_loops_corners, serial_shops, nicolae_shop_statue_plus,
          basic_altar, minmay_rat_hole
D:3:      layout_loops_ring, serial_shops, nicolae_shop_trees,
          ebering_ghost_sewer_d, nicolae_underground_beach,
          uniq_crazy_yiuf_cottage
D:4:      layout_gridville, lemuel_tele_altar, kennysheep_generic_room_6
D:5:      layout_rooms, nzn_wu_jian_contemplation, minmay_starry_boxes,
          uniq_duvessa, uniq_prince_ribbit1, uniq_sigmund, uniq_eustachio
D:6:      layout_rooms, mainiacjoe_overflow_swirl, minmay_temple_entry_trees,
          serial_bayou, serial_bayou_pond_c, serial_bayou_shore_b,
          serial_bayou_crossing, serial_bayou_pond_d, st_stairs_8,
          nicolae_concentric_dashed_squares_mild
D:7:      layout_loops_ring, enter_bailey_4, kennysheep_generic_room_16
D:8:      layout_basic, old_standard_altar, nicolae_ashenzari_panopticon
D:9:      layout_basic, mainiacjoe_overflow_catwalk_spiral,
          gammafunk_ghost_stat_death
D:10:     layout_basic, dpeg_lair_monsters
D:11:     layout_loops_ring, okawaru_ov_weapons_minmay, uniq_snorg
D:12:     layout_cave_pools, hiddenorc1_lemuel, hellmonk_ghost_happy_afterlife,
          nicolae_dithmenos_shadow_blocks, uniq_nergalle, uniq_psyche,
          uniq_azrael
D:13:     layout_loops_ring
D:14:     layout_gridville, skrybe_vaults_entry_preservation,
          nicolae_ru_awakened_eye
D:15:     hangedman_depths_entry_civil_slaughter, layout_cave_pools,
          gammafunk_ghost_icy
Temple:   nicolae_temple_great_sept
Lair:1:   beast_lair_carwin_large_2, layout_hall_layers, nzn_random_ring,
          serial_bayou_shore_b, lemuel_fruit_fields
Lair:2:   kb_forest_paths, layout_small_grid,
          hellmonk_spider_entry_not_the_bees, uniq_amaemon
Lair:3:   regret_index_combs_of_tragedy, layout_regular_city,
          minmay_swamp_entry_worms, serial_forest, infiniplex_forest_straight_2,
          infiniplex_forest_clump_double, infiniplex_forest_clump_small,
          infiniplex_forest_corner_2, infiniplex_forest_clump_medium,
          infiniplex_forest_end_1, infiniplex_forest_straight_2,
          kennysheep_basilisk_garden
Lair:4:   layout_cave_shapes, slime_entry_2, gammafunk_ghost_wrathful_warriors
Lair:5:   hellmonk_lair_end_abyssal_woods, layout_cave_shapes, basic_altar,
          grunt_megastairs_4, infiniplex_staircase_pool_2, lemuel_fruit_fields
Swamp:1:  layout_basic_swamp, gammafunk_ghost_arena,
          evilmike_swamp_ruin_rubble_2
Swamp:2:  layout_basic_swamp, nicolae_swamp_oxbows, swamp_pool1
Swamp:3:  nzn_winding_woodlands_three_and_one
          [nzn_winding_woodlands_5x15_garden, nzn_winding_woodlands_5x15_zeroes,
          nzn_winding_woodlands_5x15_crooked,
          nzn_winding_woodlands_center_lodge], layout_basic_swamp,
          evilmike_swamp_ruin_house_4, infiniplex_staircase_pool, uniq_roxanne
Swamp:4:  swamp_pestilence, layout_basic_swamp, uniq_mlioglotl
Spider:1: layout_spider_delve
Spider:2: spider_temple_joshua
Orc:1:    layout_caves, basic_altar
Orc:2:    pubby_orc_utopia, uniq_saint_roka
Elf:1:    eino_elf_arrival_the_gate, layout_rooms, minivault_28, minivault_24,
          bh_hangedman_babel_library, minmay_shop_star
Elf:2:    nicolae_elf_blades_crystal_corner, layout_onion_city,
          portal_desolation_entry_garden

Skill      XL: |  1  2  3  4  5  6  7  8  9 10 11 12 13 14 15 16 17 18 19 |
---------------+----------------------------------------------------------+-----
Fighting       | 2 3 4 5 6 7 8 10 11 | 11.0
Unarmed Combat | 4 5 |  5.2
Polearms       | 3 4 7 10 12 14 16 17 18 20 | 20.0
Stealth        | 4 7 9 10 | 10.0
Dodging        | 5 8 10 12 | 12.0
Evocations     | 2 5 7 8 |  8.0
Transmutations | 4 7 8 10 12 15 16 | 16.0
Armour         | 2 4 6 10 | 10.0
Conjurations   | 3 8 10 | 10.0
Spellcasting   | 3 8 13 | 13.0
Poison Magic   | 5 8 |  8.0
Summonings     | 5 11 | 11.2

Action                   |  1- 3 |  4- 6 |  7- 9 | 10-12 | 13-15 | 16-18 | 19-21 || total
-------------------------+-------+-------+-------+-------+-------+-------+-------++-------
Melee: Unarmed           |   140 |   142 |       |       |       |       |       ||   282
       Punch             |     5 |     7 |    14 |       |       |       |       ||    26
       Headbutt          |     1 |       |       |       |       |       |       ||     1
       Trident           |       |    38 |   291 |       |       |       |       ||   329
       Halberd           |       |       |    36 |   519 |  1040 |  1610 |   405 ||  3610
       Tailslap          |       |       |     5 |     2 |    23 |    11 |       ||    41
       Glaive            |       |       |       |     5 |    74 |    12 |       ||    91
 Cast: Beastly Appendage |     2 |       |       |       |       |       |       ||     2
       Wereblood         |       |       |       |       |     8 |    10 |       ||    18
       Irradiate         |       |       |       |       |       |    31 |    22 ||    53
       Alistair's Intoxi |       |       |       |       |       |    20 |       ||    20
       Call Canine Famil |       |       |       |       |       |       |     7 ||     7
       Passwall          |       |       |       |       |       |       |     1 ||     1
Invok: Potion Petition   |       |       |       |       |       |     1 |     1 ||     2
Evoke: Condenser vane    |       |       |       |       |     1 |     2 |     1 ||     4
       Wand              |       |       |       |       |       |     5 |     2 ||     7
       Phial of floods   |       |       |       |       |       |     1 |     1 ||     2
  Use: Potion            |       |     2 |     1 |     2 |     3 |     8 |     6 ||    22
       Scroll            |       |     6 |    10 |     8 |     4 |    11 |     3 ||    42
 Stab: Distracted        |       |       |     2 |     2 |    19 |    30 |     6 ||    59
       Sleeping          |       |       |       |     1 |     6 |     9 |       ||    16
       Petrified         |       |       |       |       |     1 |       |       ||     1
       Confused          |       |       |       |       |       |    23 |       ||    23
Armor: Plate armour      |   128 |   142 |   194 |    14 |       |       |       ||   478
       Robe              |     1 |       |       |       |       |       |       ||     1
       Storm dragon scal |       |       |       |   163 |   451 |   685 |   210 ||  1509
Dodge: Dodged            |    18 |    29 |    40 |   109 |   508 |   639 |   235 ||  1578

Table legend: (Time is in decaauts)
 A = Elapsed time spent in this place.
 B = Non-inter-level travel time spent in this place.
 C = Inter-level travel time spent in this place.
 D = Time resting spent in this place.
 E = Time spent auto-exploring this place.
 F = Levels seen in this place.
 G = Mean time per level.
                   A        B        C        D        E       F      G
               +--------+--------+--------+--------+--------+-----+--------+
         Total |  37551 |  34650 |   2901 |   4693 |  16908 |  34 | 1104.4 |
       Dungeon |  15766 |  13907 |   1859 |    830 |   8203 |  15 | 1051.1 |
        Temple |     46 |     46 |      0 |      0 |      0 |   1 |   46.0 |
          Lair |   6943 |   6154 |    789 |    369 |   3430 |   5 | 1388.6 |
         Swamp |   4736 |   4610 |    126 |    875 |   2316 |   4 | 1184.0 |
   Spider Nest |   1998 |   1981 |     17 |    584 |    727 |   2 |  999.0 |
  Orcish Mines |   2675 |   2598 |     77 |    765 |    727 |   2 | 1337.5 |
   Elven Halls |   2507 |   2477 |     30 |    328 |   1122 |   2 | 1253.5 |
         Abyss |     45 |     45 |      0 |      0 |      0 |   1 |   45.0 |
        Bailey |   1017 |   1017 |      0 |    359 |    185 |   1 | 1017.0 |
    Desolation |   1814 |   1814 |      0 |    581 |    196 |   1 | 1814.0 |
               +--------+--------+--------+--------+--------+-----+--------+

Top non-repeatable levels by time:
   Orc:2: 2253 daAuts
Desolation: 1814 daAuts
  Lair:5: 1636 daAuts
  Lair:2: 1599 daAuts
   Elf:1: 1564 daAuts
    D:14: 1484 daAuts
 Swamp:2: 1431 daAuts
  Lair:1: 1401 daAuts
 Swamp:3: 1365 daAuts
  Lair:3: 1349 daAuts
     D:3: 1315 daAuts
     D:2: 1306 daAuts
Spider:1: 1248 daAuts
     D:4: 1231 daAuts
     D:6: 1224 daAuts
